 Dungeon Crawl Stone Soup version 0.31.0-11-ge490571c62 (webtiles) character file.

Game seed: 17452375860999093247

95 Skitler the Trooper (level 4, 0/38 HPs)
             Began as a Barachi Fighter on Jan 30, 2024.
             Frozen to death by an endoplasm (3 damage)
             ... on level 3 of the Dungeon on Feb 2, 2024.
             The game lasted 00:03:02 (1516 turns).

Skitler the Trooper (Barachi Fighter)               Turns: 1516, Time: 00:03:03

Health: 0/38       AC:  7    Str: 17    XL:     4   Next: 65%
Magic:  4/4        EV:  9    Int:  8    God:
Gold:   13         SH:  5    Dex: 14    Spells: 3/3 levels left

rFire   . . .        a - +0 long sword
rCold   . . .        c - +0 buckler
rNeg    . . .        b - +0 scale mail
rPois   .            (no helmet)
rElec   .            (no cloak)
rCorr   .            (no gloves)
SInv    .            (no boots)
Will    .....        (no amulet) Stlth
                     (no ring)
HPRegen 0.26/turn    (no ring)
MPRegen 0.09/turn

%: no passive effects
@: slow
A: amphibious, slowness 1, strong legs 1, +LOS
a: Hop


You were on level 3 of the Dungeon.
You visited 1 branch of the dungeon, and saw 3 of its levels.

You collected 13 gold pieces.

Inventory:

Hand Weapons
 a - a +0 long sword (weapon)
Missiles
 l - a throwing net
Armour
 b - a +0 scale mail (worn)
 c - a +0 buckler (worn)
Scrolls
 e - a scroll of brand weapon {unknown}
 f - 2 scrolls of revelation {unknown}
 h - a scroll of enchant armour {unknown}
 i - a scroll of amnesia {unknown}
 j - a scroll of poison {unknown}
 m - a scroll of fog {unknown}
Potions
 d - a potion of might
 g - a potion of brilliance {unknown}
 k - a potion of enlightenment {unknown}


   Skills:
 * Level 4.6 Fighting
 * Level 3.5 Long Blades
 + Level 4.2 Armour
 * Level 4.0 Shields


You had 3 spell levels left.
You didn't know any spells.
Your spell library contained the following spells:

 Spells                   Type           Power      Damage    Failure   Level
 Vhi's Electric Charge    Tloc/Air       0%         N/A       100%        4
 Arcjolt                  Conj/Air       0%         1d10      100%        5
 Maxwell's Capacitive Co  Air            0%         ∞         100%        8


Dungeon Overview and Level Annotations

Branches:
Dungeon (3/15)

Altars:


Innate Abilities, Weirdness & Mutations

You are amphibious.
You cover ground slowly.
You can hop short distances.
You have an extended range of vision and can be seen from far away.


Message History

You are frozen.
The goblin hits you but does no damage.
The endoplasm hits you but does no damage.
The goblin hits you but does no damage.
The endoplasm hits you but does no damage.
The goblin hits you but does no damage. The endoplasm freezes you.
You are frozen.
The goblin closely misses you. The endoplasm closely misses you.
The goblin barely misses you.
The endoplasm hits you but does no damage.
The goblin barely misses you. The endoplasm closely misses you.
The goblin hits you but does no damage.
The endoplasm hits you but does no damage.
The goblin closely misses you. The endoplasm freezes you.
You are frozen.
The goblin hits you but does no damage. The endoplasm freezes you.
You are frozen.
The goblin hits you but does no damage. The endoplasm freezes you.
You are frozen.
The goblin hits you with a +0 dagger. The endoplasm freezes you.
You are frozen.
The goblin completely misses you. The endoplasm freezes you.
You are frozen.
The goblin hits you with a +0 dagger.
* * * LOW HITPOINT WARNING * * *
The endoplasm freezes you.
You are frozen.
* * * LOW HITPOINT WARNING * * *
The goblin hits you but does no damage. The endoplasm freezes you.
You are frozen.
* * * LOW HITPOINT WARNING * * *
The goblin completely misses you. The endoplasm freezes you.
You are frozen.
* * * LOW HITPOINT WARNING * * *
The goblin barely misses you. The endoplasm closely misses you.
The goblin hits you but does no damage. The endoplasm freezes you.
You are frozen.
You die...

. . '##+.##
#..#..#
#..##.#
#..##.#
+J.'..#
#Jg##.#
#@.##.#
#..##.###
#'##'....#
#.....##.#.#
#..... #.#.#
+##'## #.#.#
... #.#.#
####
#...#####
#.....†.#


You could see 2 endoplasms and a goblin.

Vanquished Creatures
  A bombardier beetle (D:3)
  3 adders
  3 ball pythons
  3 endoplasms (D:2)
  A giant cockroach (D:2)
  4 goblins
  7 jackals
  A quokka (D:1)
  4 bats
  3 kobolds
  6 rats
36 creatures vanquished.

Notes
Turn   | Place    | Note
-------+----------+-------------------------------------------
     0 | D:1      | Skitler the Barachi Fighter began the quest for the Orb.
     0 | D:1      | Reached XP level 1. HP: 18/18 MP: 1/1
   102 | D:1      | Reached XP level 2. HP: 25/25 MP: 2/2
   879 | D:2      | Reached XP level 3. HP: 24/30 MP: 3/3
  1381 | D:3      | Reached XP level 4. HP: 33/38 MP: 4/4
  1516 | D:3      | Frozen to death by an endoplasm

Illustrated notes

Levels and vault maps discovered:
D:1:      dpeg_arrival_subterranean_lakeside_camping, layout_basic
D:2:      layout_loops_ring
D:3:      layout_loops_ring, mainiacjoe_overflow_alcove_2,
          ashenzari_conservatory_becter, mainiacjoe_overflow_24_doors,
          chequers_temple_overflow_statue_of_worship, basic_ecumenical_altar

Skill      XL: |  1  2  3  4 |
---------------+-------------+-----
Fighting       | 4 |  4.6
Long Blades    | 3 |  3.5
Armour         | 4 |  4.2
Shields        | 4 |  4.0

Action                     |  1- 3 |  4- 6 || total
---------------------------+-------+-------++-------
  Melee: Long sword        |   100 |    18 ||   118
 Armour: Scale mail        |    78 |    33 ||   111
  Dodge: Dodged            |    59 |    22 ||    81
  Block: Buckler           |    20 |     3 ||    23
